 Dungeon Crawl Stone Soup version 0.32-a0-791-gfc315c9ecd (webtiles) character file.

Game seed: 17179608764990358682

75 pokeman the Magician (level 4, -1/25 HPs)
             Began as a Deep Elf Hedge Wizard on Mar 20, 2024.
             Slain by an orc wizard
             ... wielding a +0 dagger
              (3 damage)
             ... on level 1 of the Dungeon.
             The game lasted 00:04:26 (1730 turns).

pokeman the Magician (Deep Elf Hedge Wizard)        Turns: 1730, Time: 00:04:27

Health: -1/25      AC:  2    Str:  7    XL:     4   Next: 11%
Magic:  2/13       EV: 11    Int: 21    God:
Gold:   82         SH:  0    Dex: 14    Spells: 6/14 levels left

rFire   . . .        a - +0 dagger
rCold   . . .        (no shield)
rNeg    . . .        b - +0 robe
rPois   .            c - +0 hat
rElec   .            (no cloak)
rCorr   .            (no gloves)
SInv    .            (no boots)
Will    .....        (no amulet)
Stlth   ++           (no ring)
HPRegen 0.24/turn    (no ring)
MPRegen 0.13/turn

%: no passive effects
@: no status effects
A: no striking features
a: no special abilities


You were on level 1 of the Dungeon.
You visited 1 branch of the dungeon, and saw 2 of its levels.

You collected 82 gold pieces.

Inventory:

Hand Weapons
 a - a +0 dagger (weapon)
Armour
 b - a +0 robe (worn)
 c - a +0 hat (worn)
 k - a +0 buckler
Scrolls
 g - a scroll of teleportation {unknown}
 j - a scroll of enchant weapon {unknown}
 l - a scroll of identify {unknown}
Potions
 d - a potion of magic
 e - a potion of heal wounds {unknown}
 f - a potion of curing {unknown}
 h - a potion of might {unknown}
 i - a potion of degeneration {unknown}
 m - a potion of brilliance {unknown}


   Skills:
 + Level 1.1 Fighting
 + Level 1.1 Armour
 - Level 2.4 Dodging
 - Level 2.4 Stealth
 * Level 5.5 Spellcasting
 + Level 2.1 Conjurations
 - Level 1.1 Summonings
 - Level 1.1 Translocations


You had 6 spell levels left.
You knew the following spells:

 Your Spells              Type           Power      Damage    Failure   Level
a - Magic Dart            Conj           56%        1d5       4%          1
b - Mephitic Cloud        Conj/Alch/Air  8%         N/A       22%         3
c - Call Imp              Summ           20%        N/A       10%         2
d - Blink                 Tloc           20%        N/A       10%         2

Your spell library contained the following spells:

 Spells                   Type           Power      Damage    Failure   Level
 Slow                     Hex            20%        N/A       11%         1
 Cigotuvi's Dreadful Rot  Necr/Alch/Air  10%        N/A       16%         2


Dungeon Overview and Level Annotations

Branches:
Dungeon (2/15)

Altars:

Annotations:
D:2 Terence


Message History

The magic dart hits the orc but does no damage.
The orc is engulfed in noxious fumes.
The orc appears confused.
Something hits you.
Casting: Magic Dart (safe; 4% risk of failure)
Confirm with . or Enter, or press ? or * to list all spells.
Aiming: Magic Dart (safe; 4% risk of failure)
Press: ? - help, Shift-Dir - straight line, f/p - orc
Aim: an orc, wielding a +0 trident and wearing a +0 scale mail (noxious fumes, confused, 100% to hit)
The magic dart hits the orc but does no damage.
The orc is engulfed in noxious fumes.
The orc appears confused.
The orc misses you. Something hits you.
Casting: Magic Dart (safe; 4% risk of failure)
Confirm with . or Enter, or press ? or * to list all spells.
Aiming: Magic Dart (safe; 4% risk of failure)
Press: ? - help, Shift-Dir - straight line, f/p - orc
Aim: an orc, wielding a +0 trident and wearing a +0 scale mail (noxious fumes, confused, 100% to hit)
The magic dart hits the orc.
The orc is heavily wounded.
The orc is engulfed in noxious fumes.
The orc appears confused.
The orc hits you with a +0 trident. Something hits you but does no damage.
Casting: Magic Dart (safe; 4% risk of failure)
Confirm with . or Enter, or press ? or * to list all spells.
Okay, then.
Unknown command.
The orc is engulfed in noxious fumes.
The orc appears confused.
The orc hits you with a +0 trident.
* * * LOW HITPOINT WARNING * * *
You hear some strange, mumbled words.
A magic dart appears from out of thin air!
The magic dart hits you.
* * * LOW HITPOINT WARNING * * *
You climb upwards.
Reactivating autopickup.
There is a stone staircase leading down here.
Things that are here:
a +0 robe; a +0 dagger Unknown command.
Your magical contamination has completely faded away.
Something hits you.
You die...

..⌠.#≈≈≈≈≈≈≈#....#
....#≈≈≈≈≈≈≈#....#
..⌠.#≈≈≈≈≈≈S#....#
....#########..#.#
.ß.............#.#
...............#.#
################.#
.....# ####÷## .....#
#####...@.##### .....#
#.....#.......# .....#
#[##..........# .....#
#.##.##...#...# .....#
#.##.....#>#..#
.....####.#####...#)..#
....÷.....# #.......#
#####.#########.÷.....#
# #.#.......#.......#


There were no monsters in sight!

Vanquished Creatures
  An orc wizard (D:1)
  An adder (D:2)
  An orc (D:2)
  3 ball pythons
  2 endoplasms
  A giant cockroach (D:1)
  3 goblins
  4 hobgoblins (D:1)
  2 jackals (D:1)
  3 kobolds
  3 quokkas (D:1)
  10 bats
  2 frilled lizards (D:1)
  2 rats
38 creatures vanquished.

Notes
Turn   | Place    | Note
-------+----------+-------------------------------------------
     0 | D:1      | pokeman the Deep Elf Hedge Wizard began the quest for the
                  | Orb.
     0 | D:1      | Reached XP level 1. HP: 10/10 MP: 7/7
    10 | D:1      | Noticed an electric eel
    91 | D:1      | Reached XP level 2. HP: 16/16 MP: 1/9
   841 | D:1      | Reached skill level 5 in Spellcasting
  1140 | D:1      | Reached XP level 3. HP: 16/20 MP: 2/11
  1144 | D:1      | Learned a level 3 spell: Mephitic Cloud
  1147 | D:1      | Learned a level 2 spell: Call Imp
  1150 | D:1      | Learned a level 2 spell: Blink
  1508 | D:2      | Noticed Terence
  1637 | D:1      | Reached skill level 1 in Fighting
  1637 | D:1      | Reached skill level 1 in Armour
  1637 | D:1      | Reached XP level 4. HP: 25/25 MP: 3/13
  1725 | D:2      | HP: 1/25 [something/magic dart (5)]
  1730 | D:1      | Slain by an orc wizard

Illustrated notes

Levels and vault maps discovered:
D:1:      arrival_aquarium_a, layout_basic, st_stairs_14, minmay_pentomino_q4
D:2:      layout_rooms, basic_altar, uniq_terence

Skill      XL: |  1  2  3 |
---------------+----------+-----
Spellcasting   | 5 |  5.5
Conjurations   | 2 |  2.1
Fighting       | 1 |  1.1
Armour         | 1 |  1.1
Dodging        | |  2.4
Stealth        | |  2.4
Summonings     | |  1.1
Translocations | |  1.1

Action                     |  1- 3 |  4- 6 || total
---------------------------+-------+-------++-------
  Melee: Dagger            |     9 |       ||     9
   Cast: Magic Dart        |    94 |     9 ||   103
         Mephitic Cloud    |     2 |     1 ||     3
   Stab: Confused          |     1 |       ||     1
 Armour: Robe              |    15 |    10 ||    25
  Dodge: Dodged            |    20 |     3 ||    23

Table legend: (Time is in decaauts)
 A = Elapsed time spent in this place.
 B = Non-inter-level travel time spent in this place.
 C = Inter-level travel time spent in this place.
 D = Time resting spent in this place.
 E = Time spent auto-exploring this place.
 F = Levels seen in this place.
 G = Mean time per level.
                   A        B        C        D        E       F      G
               +--------+--------+--------+--------+--------+-----+--------+
         Total |   1733 |   1674 |     59 |    337 |   1124 |   2 |  866.5 |
       Dungeon |   1733 |   1674 |     59 |    337 |   1124 |   2 |  866.5 |
               +--------+--------+--------+--------+--------+-----+--------+

Top non-repeatable levels by time:
     D:1: 1659 daAuts
     D:2: 74 daAuts
